 Dungeon Crawl Stone Soup version 0.29-a0-319-gad05b8d819 (webtiles) character file.

Game seed: 13298806316554273078

153 tilp the Cudgeller (level 5, -10/75 HPs)
             Began as a Mayflytaur Cinder Acolyte on Apr 1, 2022.
             Was a High Priest of Ignis.
             Mangled by a wyvern (17 damage)
             ... on level 6 of the Dungeon.
             The game lasted 00:04:57 (700 turns).

tilp the Cudgeller (Mayflytaur Cinder Acolyte)       Turns: 700, Time: 00:04:57

Health: -10/75     AC:  2    Str: 15    XL:     5   Next: 35%
Magic:  4/10       EV: 12    Int: 17    God:    Ignis [*****.]
Gold:   11         SH:  0    Dex: 10    Spells: 8/10 levels left

rFire   + . .      SeeInvis .   a - +0 mace (flame)
rCold   + . .      Faith    .   (no shield)
rNeg    . . .      Spirit   .   b - +0 robe
rPois   .          Reflect  .   (no helmet)
rElec   .          Harm     .   (no cloak)
rCorr   .          Rampage  .   (no gloves)
Will    .....                   (no boots)
Stlth   ..........              (no amulet)
HPRegen 0.22/turn               e - ring of protection from cold
MPRegen 0.12/turn               (no ring)

@: berserking, flying, very quick
A: damage resistance, big wings, sense surroundings 1, short lifespan
a: Renounce Religion, Fiery Armour, Foxfire Swarm, Rising Flame


You were on level 6 of the Dungeon.
You worshipped Ignis.
Ignis was extremely pleased with you.
You visited 1 branch of the dungeon, and saw 6 of its levels.

You collected 11 gold pieces.

Inventory:

Hand Weapons
 a - a +0 mace of flaming (weapon)
Missiles
 i - 11 stones (quivered)
Armour
 b - a +0 robe (worn)
 c - a +0 buckler
 f - a +1 kite shield of protection
Jewellery
 e - a ring of protection from cold (left hand)
Potions
 d - a potion of might {unknown}
 h - a potion of attraction


   Skills:
 + Level 4.1 Fighting
 + Level 4.2 Maces & Flails
 - Level 2.0 Dodging
 + Level 2.3 Stealth
 - Level 3.0 Spellcasting
 + Level 4.1 Fire Magic


You had 8 spell levels left.
You knew the following spells:

 Your Spells              Type           Power      Damage    Failure   Level
a - Scorch                Fire           32%        2d6       4%          2

Your spell library contained the following spells:

 Spells                   Type           Power      Damage    Failure   Level


Dungeon Overview and Level Annotations

Branches:
Dungeon (6/15)
 Temple: D:4-7

Altars:
Fedhas

Shops:
D:1 !

Annotations:
D:3 Ijyb, Robin


Innate Abilities, Weirdness & Mutations

You are resistant to damage.
Your large and strong wings let you fly.
You passively map a small area around you.
You are easily found by Zot.


Message History

It is a scroll of amnesia.
Really abort (and waste the scroll)?
Okay, then.
You already know all available spells.
Found 11 stones.
i - 11 stones You reach down and open the door.
There is an open door here.
A wyvern comes into view.
Found 12 gold pieces.
Casting: Scorch (safe; 4% risk of failure)
Confirm with . or Enter, or press ? or * to list all spells.
You can't see any susceptible monsters within range! (Use Z to cast anyway.)
You aren't carrying any items that you can evoke.
Casting: Scorch (safe; 4% risk of failure)
Confirm with . or Enter, or press ? or * to list all spells.
Flames lash the wyvern.
The wyvern is lightly wounded.
The wyvern's fire resistance burns away.
Casting: Scorch (safe; 4% risk of failure)
Confirm with . or Enter, or press ? or * to list all spells.
Flames lash the wyvern.
The wyvern is lightly wounded.
The wyvern bites you!
Casting: Scorch (safe; 4% risk of failure)
Confirm with . or Enter, or press ? or * to list all spells.
Flames lash the wyvern but do no damage.
The wyvern bites you!
* * * LOW HITPOINT WARNING * * *
Unknown command.
You closely miss the wyvern.
The wyvern is lightly wounded.
The wyvern bites you!
* * * LOW HITPOINT WARNING * * *
The wyvern completely misses you.
Unknown command.
It was a potion of berserk rage.
A red film seems to cover your vision as you go berserk!
You feel yourself moving faster!
You feel mighty! The wyvern bites you!!
You die...

##* * ,** * * #. , *
* , * ,#, #. * * #.
, , #.## * , , ,,
#.# #..## ,, , +..
#...## ###,,,, #..
#..###....########.#
#..
...................#
* * #.
....######l@.......#
#. $. * #.........#
#. * * #######'###
#. #.# ## #.# #.#
#.###########
#............
#############


You could see a wyvern (combustible).

Vanquished Creatures
  A phantom (D:4)
  A hound (D:3)
  An adder (D:4)
  2 dart slugs (D:2)
  A bat (D:1)
  2 endoplasms
  16 goblins
  3 hobgoblins (D:3)
  5 jackals (D:3)
  A rat (D:2)
33 creatures vanquished.

Notes
Turn   | Place    | Note
-------+----------+-------------------------------------------
     0 | D:1      | tilp the Mayflytaur Cinder Acolyte began the quest for the
                  | Orb.
     0 | D:1      | Reached XP level 1. HP: 21/21 MP: 3/3
     2 | D:1      | Found Ockohe's Distillery.
   121 | D:3      | Found a blossoming altar of Fedhas.
   143 | D:4      | Noticed a steam dragon
   179 | D:2      | Reached XP level 2. HP: 27/28 MP: 5/5
   188 | D:2      | Learned a level 2 spell: Scorch
   229 | D:3      | Reached skill level 1 in Dodging
   229 | D:3      | Reached skill level 1 in Stealth
   229 | D:3      | Reached XP level 3. HP: 19/34 MP: 4/7
   324 | D:3      | Noticed Ijyb
   401 | D:3      | Noticed Robin
   402 | D:3      | Reached XP level 4. HP: 33/44 MP: 2/8
   497 | D:4      | Noticed a phantom
   558 | D:4      | Killed a phantom
   559 | D:4      | Reached XP level 5. HP: 7/50 MP: 1/10
   594 | D:5      | Entered Level 5 of the Dungeon
   684 | D:6      | Noticed a wyvern
   700 | D:6      | Mangled by a wyvern

Illustrated notes

Levels and vault maps discovered:
D:1:      lightli_arrival_statuegarden, layout_basic, basic_ecumenical_altar,
          serial_shops, nicolae_shop_crystal, minivault_4,
          palyth_stone_intersect, minmay_gold_behind_fungi
D:2:      layout_basic
D:3:      kennysheep_goblin_castle, layout_basic,
          mainiacjoe_overflow_tiny_flanked, uniq_sigmund, uniq_robin,
          uniq_jessica
D:4:      layout_gridville
D:5:      layout_cave_pods, mainiacjoe_overflow_six_doors_small
D:6:      layout_basic, nemelex_altar_shiori, minmay_temple_entry_steel_oval,
          nicolae_shop_dragon_depot

Skill      XL: |  1  2  3  4 |
---------------+-------------+-----
Dodging        | 1 2 |  2.0
Stealth        | 1 2 |  2.3
Spellcasting   | 2 3 |  3.0
Fighting       | 4 |  4.1
Fire Magic     | 4 |  4.1
Maces & Flails | |  4.2

Action                   |  1- 3 |  4- 6 || total
-------------------------+-------+-------++-------
Melee: Mace              |    52 |    64 ||   116
 Cast: Scorch            |     7 |     9 ||    16
  Use: Scroll            |       |     4 ||     4
       Potion            |       |     3 ||     3
Armor: Robe              |    15 |     7 ||    22
       Skin              |       |    19 ||    19
Dodge: Dodged            |    55 |    24 ||    79

Table legend: (Time is in decaauts)
 A = Elapsed time spent in this place.
 B = Non-inter-level travel time spent in this place.
 C = Inter-level travel time spent in this place.
 D = Time resting spent in this place.
 E = Time spent auto-exploring this place.
 F = Levels seen in this place.
 G = Mean time per level.
                   A        B        C        D        E       F      G
               +--------+--------+--------+--------+--------+-----+--------+
         Total |    723 |    723 |      0 |     52 |      2 |   6 |  120.5 |
       Dungeon |    723 |    723 |      0 |     52 |      2 |   6 |  120.5 |
               +--------+--------+--------+--------+--------+-----+--------+

Top non-repeatable levels by time:
     D:3: 316 daAuts
     D:4: 156 daAuts
     D:1: 74 daAuts
     D:6: 72 daAuts
     D:2: 70 daAuts
     D:5: 32 daAuts
